[ AOE2 MATCH · #505809871 ]
UnrankedTeutons vs Sicilians
Player's team · WIN
[ REPLAY ANALYSIS · EXTRACTED FROM THE RECORDED GAME ]
Feudal
8:37
Castle
26:02
Imperial
—
| APM avg | 58.0 |
| APM peak | 101 |
| eAPM avg | 35.9 |
| Villagers / military | 106 / 39 |
Focus
⚔️ 48.2% · 🌾 51.8%
Teutonic Knight ×19 · Scout Cavalry ×14 · Monk ×4 · Knight ×2
Feudal
9:34
Castle
26:42
Imperial
—
| APM avg | 36.6 |
| APM peak | 86 |
| eAPM avg | 16.8 |
| Villagers / military | 89 / 71 |
Focus
⚔️ 31.0% · 🌾 69.0%
Serjeant ×33 · Spearman ×33 · Archer ×5
Match map
Initial resources + every placement click. Lines = walls · curves = elevation contours. ◆ gold · ⬟ stone · ● berries · ✦ relic · ◌ wall gap
Your base· Open — opponent sealed themselves in
tseungsiupang's base· ✓ Closed at 26:42 · 46t walls · 1 gate(s)
Smoothed initial terrain · ◌ = detected wall gap · hover for details
Inputs per minute
— Snootydoor8937 - - tseungsiupang
Build order — Snootydoor8937
First 150 of 315 actions detected
| 0:01 | Queue | Villager (Male) |
| 0:02 | Build | House |
| 0:04 | Build | House |
| 0:12 | Queue | Villager (Male) |
| 0:17 | Queue | Villager (Male) |
| 0:21 | Queue | Villager (Male) |
| 1:29 | Queue | Villager (Male) |
| 1:29 | Queue | Villager (Male) |
| 2:04 | Queue | Villager (Male) |
| 2:13 | Build | Lumber Camp |
| 2:20 | Build | Lumber Camp |
| 2:27 | Queue | Villager (Male) |
| 2:27 | Queue | Villager (Male) |
| 2:27 | Queue | Villager (Male) |
| 2:48 | Queue | Villager (Male) |
| 3:16 | Queue | Villager (Male) |
| 3:34 | Queue | Villager (Male) |
| 3:52 | Build | House |
| 4:00 | Queue | Villager (Male) |
| 4:02 | Queue | Villager (Male) |
| 5:01 | Build | Mill |
| 5:19 | Queue | Villager (Male) |
| 5:19 | Research | Loom |
| 6:27 | Research | Feudal Age |
| 7:26 | Build | House |
| 7:55 | Queue | Villager (Male) |
| 7:55 | Queue | Villager (Male) |
| 8:31 | Queue | Villager (Male) |
| 8:32 | Queue | Villager (Male) |
| 8:37 | Age | Feudal Age |
| 8:41 | Build | Watch Tower |
| 8:43 | Build | House |
| 8:50 | Build | House |
| 8:54 | Build | Palisade Wall |
| 8:56 | Build | Palisade Wall |
| 9:01 | Build | House |
| 9:07 | Build | House |
| 9:18 | Build | Palisade Wall |
| 9:19 | Build | Palisade Wall |
| 9:20 | Build | Palisade Wall |
| 9:21 | Build | Palisade Wall |
| 9:21 | Build | Palisade Wall |
| 9:32 | Queue | Villager (Male) |
| 9:49 | Queue | Villager (Male) |
| 10:03 | Build | Mill |
| 10:44 | Queue | Villager (Male) |
| 10:51 | Queue | Villager (Male) |
| 11:37 | Queue | Villager (Male) |
| 12:01 | Build | Barracks |
| 12:10 | Queue | Villager (Male) |
| 12:53 | Queue | Villager (Male) |
| 12:54 | Queue | Villager (Male) |
| 12:57 | Build | Stable |
| 12:59 | Queue | Villager (Male) |
| 13:02 | Queue | Villager (Male) |
| 13:43 | Build | Palisade Wall |
| 13:51 | Build | House |
| 13:52 | Queue | Scout Cavalry |
| 14:08 | Research | Double-Bit Axe |
| 14:11 | Build | Farm |
| 14:13 | Queue | Scout Cavalry |
| 14:14 | Queue | Scout Cavalry |
| 14:14 | Queue | Scout Cavalry |
| 14:18 | Build | Palisade Wall |
| 14:22 | Build | Farm |
| 14:27 | Build | Farm |
| 14:47 | Queue | Villager (Male) |
| 14:50 | Build | Farm |
| 14:56 | Queue | Scout Cavalry |
| 15:04 | Queue | Villager (Male) |
| 15:06 | Build | Farm |
| 15:07 | Build | Farm |
| 15:09 | Build | Farm |
| 15:13 | Build | House |
| 15:15 | Build | House |
| 15:30 | Queue | Scout Cavalry |
| 15:33 | Build | Farm |
| 15:45 | Build | Mining Camp |
| 15:48 | Queue | Villager (Male) |
| 15:56 | Queue | Scout Cavalry |
| 16:19 | Build | House |
| 16:20 | Build | House |
| 16:21 | Build | House |
| 16:24 | Build | House |
| 16:26 | Queue | Villager (Male) |
| 16:28 | Build | Farm |
| 16:40 | Build | Market |
| 16:46 | Build | Farm |
| 16:49 | Research | Horse Collar |
| 16:54 | Queue | Villager (Male) |
| 16:58 | Build | Farm |
| 17:12 | Build | Farm |
| 17:13 | Build | Farm |
| 17:17 | Build | Farm |
| 17:23 | Queue | Villager (Male) |
| 17:26 | Build | Blacksmith |
| 17:43 | Build | Farm |
| 17:48 | Queue | Villager (Male) |
| 17:50 | Build | Palisade Wall |
| 17:54 | Queue | Scout Cavalry |
| 17:59 | Build | Farm |
| 18:27 | Research | Wheelbarrow |
| 18:41 | Queue | Villager (Male) |
| 18:50 | Research | Scale Barding Armor |
| 18:57 | Queue | Scout Cavalry |
| 19:08 | Queue | Scout Cavalry |
| 19:18 | Research | Forging |
| 19:23 | Queue | Villager (Male) |
| 19:25 | Build | Farm |
| 19:25 | Build | Farm |
| 19:26 | Queue | Villager (Male) |
| 19:45 | Queue | Scout Cavalry |
| 20:07 | Queue | Scout Cavalry |
| 20:27 | Queue | Villager (Male) |
| 20:32 | Queue | Villager (Male) |
| 20:40 | Queue | Villager (Male) |
| 20:49 | Queue | Scout Cavalry |
| 21:03 | Queue | Villager (Male) |
| 21:22 | Queue | Villager (Male) |
| 21:23 | Queue | Villager (Male) |
| 21:56 | Research | Wheelbarrow |
| 21:59 | Build | Lumber Camp |
| 23:05 | Research | Castle Age |
| 23:11 | Build | Lumber Camp |
| 23:55 | Build | House |
| 23:59 | Build | House |
| 24:00 | Build | House |
| 24:01 | Build | House |
| 24:04 | Build | House |
| 24:05 | Build | House |
| 25:02 | Build | Mining Camp |
| 25:08 | Research | Gold Mining |
| 25:09 | Research | Stone Mining |
| 25:26 | Build | House |
| 25:30 | Build | Palisade Wall |
| 25:56 | Build | Palisade Wall |
| 25:56 | Build | Palisade Wall |
| 26:02 | Age | Castle Age |
| 26:02 | Queue | Villager (Male) |
| 26:02 | Queue | Villager (Male) |
| 26:04 | Build | Monastery |
| 26:11 | Build | Town Center |
| 26:22 | Queue | Knight |
| 26:27 | Queue | Villager (Male) |
| 26:28 | Research | Heavy Plow |
| 26:29 | Research | Bow Saw |
| 26:30 | Research | Bow Saw |
| 26:37 | Queue | Villager (Male) |
| 26:42 | Build | Town Center |
| 26:44 | Queue | Monk |
Build order — tseungsiupang
First 150 of 246 actions detected
| 0:00 | Queue | Villager (Male) |
| 0:01 | Queue | Villager (Male) |
| 0:01 | Queue | Villager (Male) |
| 0:03 | Build | House |
| 0:04 | Build | House |
| 0:29 | Queue | Villager (Male) |
| 0:29 | Queue | Villager (Male) |
| 1:41 | Queue | Villager (Male) |
| 1:41 | Queue | Villager (Male) |
| 2:07 | Queue | Villager (Male) |
| 2:07 | Queue | Villager (Male) |
| 2:27 | Queue | Villager (Male) |
| 2:27 | Queue | Villager (Male) |
| 2:54 | Queue | Villager (Male) |
| 2:54 | Queue | Villager (Male) |
| 2:54 | Queue | Villager (Male) |
| 3:06 | Build | Lumber Camp |
| 3:35 | Queue | Villager (Male) |
| 3:36 | Queue | Villager (Male) |
| 3:36 | Queue | Villager (Male) |
| 4:00 | Build | House |
| 4:03 | Queue | Villager (Male) |
| 4:03 | Queue | Villager (Male) |
| 5:13 | Build | Mill |
| 5:17 | Queue | Villager (Male) |
| 5:18 | Queue | Villager (Male) |
| 5:18 | Queue | Villager (Male) |
| 5:18 | Queue | Villager (Male) |
| 5:18 | Queue | Villager (Male) |
| 6:03 | Research | Loom |
| 7:24 | Research | Feudal Age |
| 7:48 | Build | Donjon |
| 8:11 | Build | Palisade Wall |
| 8:27 | Build | House |
| 8:30 | Build | Palisade Wall |
| 8:44 | Build | Mining Camp |
| 9:16 | Build | Mining Camp |
| 9:28 | Build | House |
| 9:31 | Build | House |
| 9:33 | Build | House |
| 9:34 | Age | Feudal Age |
| 10:06 | Queue | Villager (Male) |
| 10:07 | Queue | Villager (Male) |
| 10:07 | Queue | Villager (Male) |
| 10:07 | Queue | Villager (Male) |
| 10:14 | Queue | Serjeant |
| 10:14 | Queue | Serjeant |
| 10:14 | Queue | Serjeant |
| 10:20 | Queue | Serjeant |
| 10:40 | Build | Farm |
| 10:59 | Build | Palisade Wall |
| 11:19 | Build | Donjon |
| 11:26 | Queue | Serjeant |
| 11:26 | Queue | Serjeant |
| 11:53 | Queue | Villager (Male) |
| 11:53 | Queue | Villager (Male) |
| 12:00 | Build | Farm |
| 12:02 | Build | Farm |
| 12:04 | Build | Farm |
| 12:07 | Build | Farm |
| 12:27 | Build | Farm |
| 12:53 | Queue | Villager (Male) |
| 12:54 | Queue | Villager (Male) |
| 13:33 | Queue | Villager (Male) |
| 13:33 | Queue | Villager (Male) |
| 13:53 | Queue | Villager (Male) |
| 13:56 | Build | Farm |
| 13:57 | Build | Farm |
| 14:01 | Build | Farm |
| 14:02 | Build | Farm |
| 14:19 | Queue | Villager (Male) |
| 14:19 | Queue | Villager (Male) |
| 14:36 | Build | Farm |
| 14:44 | Queue | Villager (Male) |
| 15:00 | Queue | Villager (Male) |
| 15:00 | Queue | Villager (Male) |
| 15:11 | Research | Double-Bit Axe |
| 15:11 | Research | Double-Bit Axe |
| 15:30 | Queue | Villager (Male) |
| 15:44 | Build | Farm |
| 15:57 | Queue | Villager (Male) |
| 15:58 | Queue | Villager (Male) |
| 15:58 | Queue | Villager (Male) |
| 16:16 | Research | Horse Collar |
| 16:18 | Build | House |
| 16:21 | Queue | Villager (Male) |
| 16:41 | Build | Farm |
| 16:45 | Build | Farm |
| 16:46 | Build | Farm |
| 16:46 | Build | Farm |
| 16:57 | Build | House |
| 17:09 | Queue | Villager (Male) |
| 17:09 | Queue | Villager (Male) |
| 17:10 | Queue | Villager (Male) |
| 17:21 | Build | Farm |
| 17:26 | Build | House |
| 17:40 | Build | Palisade Wall |
| 17:42 | Build | Palisade Wall |
| 18:00 | Build | Palisade Wall |
| 18:15 | Queue | Villager (Male) |
| 18:15 | Queue | Villager (Male) |
| 18:21 | Build | Farm |
| 18:23 | Build | Farm |
| 18:34 | Build | House |
| 18:47 | Build | House |
| 18:48 | Build | Palisade Wall |
| 18:53 | Build | House |
| 18:57 | Build | House |
| 18:59 | Build | Palisade Wall |
| 19:24 | Build | Mill |
| 19:30 | Queue | Villager (Male) |
| 19:31 | Queue | Villager (Male) |
| 19:31 | Queue | Villager (Male) |
| 19:31 | Queue | Villager (Male) |
| 19:45 | Queue | Spearman |
| 19:45 | Queue | Spearman |
| 19:54 | Build | House |
| 20:10 | Build | Farm |
| 20:14 | Build | Farm |
| 20:16 | Build | Farm |
| 20:25 | Build | Palisade Wall |
| 20:27 | Build | Palisade Wall |
| 20:49 | Queue | Spearman |
| 20:49 | Queue | Spearman |
| 21:20 | Queue | Spearman |
| 21:20 | Queue | Spearman |
| 21:20 | Queue | Spearman |
| 21:25 | Queue | Spearman |
| 21:36 | Build | House |
| 21:38 | Build | Palisade Wall |
| 21:39 | Build | Palisade Wall |
| 21:40 | Build | Palisade Wall |
| 21:57 | Build | Farm |
| 22:34 | Queue | Villager (Male) |
| 22:35 | Queue | Villager (Male) |
| 22:42 | Build | Market |
| 22:59 | Queue | Spearman |
| 23:00 | Queue | Spearman |
| 23:09 | Build | Farm |
| 23:15 | Build | Farm |
| 23:30 | Build | Blacksmith |
| 24:02 | Research | Castle Age |
| 24:02 | Research | Castle Age |
| 24:21 | Build | Farm |
| 24:27 | Queue | Serjeant ×3 |
| 24:28 | Queue | Serjeant ×3 |
| 24:28 | Queue | Serjeant |
| 24:28 | Queue | Serjeant |
| 24:39 | Build | Barracks |
| 24:49 | Queue | Serjeant |
Match timeline
| 7:48 | tseungsiupang · first_building Donjon |
| 8:11 | tseungsiupang · wall_segment Palisade Wall x8 |
| 8:30 | tseungsiupang · wall_segment Palisade Wall x6 |
| 8:37 | Snootydoor8937 · age_up feudal |
| 8:54 | Snootydoor8937 · wall_segment Palisade Wall x1 |
| 8:56 | Snootydoor8937 · wall_segment Palisade Wall x1 |
| 9:18 | Snootydoor8937 · wall_segment Palisade Wall x2 |
| 9:19 | Snootydoor8937 · wall_segment Palisade Wall x1 |
| 9:20 | Snootydoor8937 · wall_segment Palisade Wall x1 |
| 9:21 | Snootydoor8937 · wall_segment Palisade Wall x1 |
| 9:21 | Snootydoor8937 · wall_segment Palisade Wall x1 |
| 9:34 | tseungsiupang · age_up feudal |
| 10:59 | tseungsiupang · wall_segment Palisade Wall x1 |
| 12:01 | Snootydoor8937 · first_building Barracks |
| 12:57 | Snootydoor8937 · first_building Stable |
| 13:43 | Snootydoor8937 · wall_segment Palisade Wall x5 |
| 14:18 | Snootydoor8937 · wall_segment Palisade Wall x1 |
| 17:40 | tseungsiupang · wall_segment Palisade Wall x3 |
| 17:42 | tseungsiupang · wall_segment Palisade Wall x10 |
| 17:50 | Snootydoor8937 · wall_segment Palisade Wall x9 |
| 18:00 | tseungsiupang · wall_segment Palisade Wall x11 |
| 18:09 | Snootydoor8937 · first_market_buy 100 food |
| 18:48 | tseungsiupang · wall_segment Palisade Wall x1 |
| 18:59 | tseungsiupang · wall_segment Palisade Wall x1 |
| 19:16 | Snootydoor8937 · first_market_sell 100 wood |
| 20:25 | tseungsiupang · wall_segment Palisade Wall x1 |
| 20:27 | tseungsiupang · wall_segment Palisade Wall x1 |
| 21:38 | tseungsiupang · wall_segment Palisade Wall x1 |
| 21:39 | tseungsiupang · wall_segment Palisade Wall x1 |
| 21:40 | tseungsiupang · wall_segment Palisade Wall x1 |
| 24:39 | tseungsiupang · first_building Barracks |
| 25:03 | tseungsiupang · wall_segment Palisade Wall x1 |
| 25:30 | Snootydoor8937 · wall_segment Palisade Wall x1 |
| 25:56 | Snootydoor8937 · wall_segment Palisade Wall x1 |
| 25:56 | Snootydoor8937 · wall_segment Palisade Wall x1 |
| 26:02 | Snootydoor8937 · age_up castle |
| 26:04 | Snootydoor8937 · first_building Monastery |
| 26:42 | tseungsiupang · age_up castle |
| 30:02 | tseungsiupang · first_building Siege Workshop |
| 30:17 | Snootydoor8937 · first_building Castle |
| 32:07 | tseungsiupang · wall_segment Palisade Wall x1 |
| 32:08 | tseungsiupang · wall_segment Palisade Wall x1 |
| 32:09 | tseungsiupang · wall_segment Palisade Wall x1 |
| 32:34 | tseungsiupang · wall_segment Stone Wall x1 |
| 32:38 | tseungsiupang · wall_segment Stone Wall x1 |
| 33:47 | tseungsiupang · first_building Archery Range |
| 35:15 | tseungsiupang · first_market_buy 100 wood |
| 37:59 | tseungsiupang · resign |
[ AI ANALYSIS · 1 CREDIT ]
What really happened in this match?
Wolo.gg analyzes every decision: build order, eco, micro, common mistakes by bracket. Personalized analysis on WhatsApp or Discord in 30 seconds.
Civ guide
Teutons
Perfil
Jugador #2281589